 Dungeon Crawl Stone Soup version 0.31-a0-691-g409c26aa35 (webtiles) character file.

Game seed: 4156090308628185731

64 qw the Shooter (level 4, 0/28 HPs)
             Began as a Gargoyle Hunter on Sept 6, 2023.
             Slain by Terence
             ... wielding a +0 flail of holy wrath
              (8 damage)
             ... on level 2 of the Dungeon.
             The game lasted 00:00:29 (1274 turns).

qw the Shooter (Gargoyle Hunter)                    Turns: 1274, Time: 00:00:30

Health: 0/28       AC:  6    Str: 14    XL:     4   Next: 12%
Magic:  4/4        EV: 11    Int: 10    God:
Gold:   123        SH:  0    Dex: 15    Spells: 3/3 levels left

rFire   . . .        Y - +0 shortbow
rCold   . . .        (shield currently unavailable)
rNeg    + . .        c - +0 leather armour
rPois   inf          (no helmet)
rElec   +            (no cloak)
rCorr   .            (no gloves)
SInv    .            (no boots)
Will    .....        (no amulet)
Stlth   ++           (no ring)
HPRegen 0.24/turn    (no ring)
MPRegen 0.09/turn

%: no passive effects
@: no status effects
A: sickness immunity, AC +3, negative energy resistance 1, electricity
resistance, torment resistance 1, petrification resistance
a: no special abilities


You were on level 2 of the Dungeon.
You visited 1 branch of the dungeon, and saw 2 of its levels.

You collected 123 gold pieces.


Innate Abilities, Weirdness & Mutations

You are immune to sickness and miasma.
Your stone body is resilient. (AC +3)
You are immune to poison.
You resist negative energy. (rN+)
You are resistant to electric shocks. (rElec)
You are resistant to unholy torment.
You are immune to petrification.


   Skills:
 - Level 3.2 Fighting
 + Level 5.1 Ranged Weapons
 - Level 1.5 Dodging
 - Level 1.1 Stealth


You had 3 spell levels left.
You didn't know any spells.
Your spell library was empty.

Inventory:

Hand Weapons
 Y - a +0 shortbow (weapon)
Armour
 c - a +0 leather armour (worn)
Potions
 a - a potion of attraction {unknown}
 b - a potion of cancellation {unknown}
 f - a potion of curing {unknown}
 h - a potion of degeneration {unknown}

Dungeon Overview and Level Annotations

Branches:
Dungeon (2/15)

Altars:

Annotations:
D:2 Terence


Message History

There is a stone staircase leading down here.
Done exploring.
What level of the Dungeon? (default 2, ? - help)
You climb downwards.
There is a stone staircase leading up here.
You now have 107 gold pieces (gained 11).
You now have 116 gold pieces (gained 9).
a - a smoky amethyst potion You now have 123 gold pieces (gained 7).
Terence the Incautious comes into view.
He is wielding a +0 flail of holy wrath.
Terence shouts!
You hear a shout!
You shoot an arrow. The arrow closely misses Terence.
You shoot an arrow. The arrow closely misses Terence.
A kobold comes into view. It is wielding a +0 dagger.
You shoot an arrow.
The arrow hits Terence but does no damage.
You shoot an arrow. The arrow hits Terence.
Terence is lightly wounded.
You shoot an arrow. The arrow barely misses Terence.
Terence closely misses you.
You shoot an arrow.
The arrow hits Terence but does no damage.
Terence is lightly wounded.
Terence hits you with a +0 flail of holy wrath.
You shoot an arrow. The arrow hits Terence.
Terence is lightly wounded.
Terence hits you with a +0 flail of holy wrath.
You shoot an arrow. The arrow hits Terence.
Terence is moderately wounded.
Terence hits you with a +0 flail of holy wrath.
The kobold hits you but does no damage.
You shoot an arrow. The arrow hits Terence.
Terence is moderately wounded.
Terence hits you with a +0 flail of holy wrath.
The kobold hits you but does no damage.
You shoot an arrow. The arrow barely misses Terence.
Terence hits you with a +0 flail of holy wrath.
The kobold hits you with a +0 dagger. The kobold barely misses you.
Terence hits you with a +0 flail of holy wrath!
You die...

##.........#
......... #.#...##..#
........#
#######.....#.......#
.#...#.......# .
##.........# ###
##.......#
+..###........#
#.........K...#
#........@@..##
#....#.####......
########......# .....
............#.# #...
.#..........#..# #.
##.<........##.#
##..........# .#
#..........# ..
#..........# ##.


You could see Terence and a kobold.

Vanquished Creatures
  3 adders (D:2)
  2 worms (D:2)
  3 bats (D:1)
  3 endoplasms (D:1)
  A giant cockroach (D:2)
  2 goblins (D:1)
  A hobgoblin (D:2)
  6 kobolds
  A quokka (D:1)
  5 ball pythons
  4 frilled lizards
  3 rats
34 creatures vanquished.

Notes
Turn   | Place    | Note
-------+----------+-------------------------------------------
     0 | D:1      | qw the Gargoyle Hunter began the quest for the Orb.
     0 | D:1      | Reached XP level 1. HP: 12/12 MP: 1/1
     0 | D:1      | 0 ||| qw: Version: 0.3-a-76-g4403597
     0 | D:1      | 0 ||| qw: Game counter: 24
     0 | D:1      | 0 ||| qw: Melee chars always use a shield: true
     0 | D:1      | 0 ||| qw: God list: Okawaru
     0 | D:1      | 0 ||| qw: Allow faded altars: false
     0 | D:1      | 0 ||| qw: Do Orc after clearing Dungeon:15 true
     0 | D:1      | 0 ||| qw: Do second Lair branch before Depths: true
     0 | D:1      | 0 ||| qw: Lair rune preference: random
     0 | D:1      | 0 ||| qw: Goals: Normal
     0 | D:1      | 0 ||| PLANNING D:1-11
   126 | D:1      | Reached XP level 2. HP: 16/17 MP: 2/2
   820 | D:1      | 820 ||| READING 2 scrolls labelled CAPUEDYIPH.
   821 | D:1      | 821 ||| READING scroll labelled KAPPIM RONENOI.
   922 | D:1      | 922 ||| READING scroll labelled FITUAPENALU.
   927 | D:1      | 927 ||| DROPPING scroll of vulnerability.
   928 | D:1      | 928 ||| DROPPING scroll of butterflies.
   981 | D:2      | Reached XP level 3. HP: 21/21 MP: 3/3
  1004 | D:2      | Reached skill level 5 in Ranged Weapons
  1051 | D:2      | Reached skill level 3 in Fighting
  1051 | D:2      | Reached XP level 4. HP: 21/28 MP: 4/4
  1234 | D:2      | 1234 ||| READING scroll labelled QAS VITIREMMU.
  1241 | D:2      | 1241 ||| STAIRDANCE
  1264 | D:2      | Noticed Terence
  1274 | D:2      | Slain by Terence

Levels and vault maps discovered:
D:1:      spicycebolla_arrival_ecumenical, layout_basic, fountainhead
D:2:      layout_rooms, skrybe_limestone_x, kennysheep_generic_room_10,
          uniq_terence

Skill      XL: |  1  2  3 |
---------------+----------+-----
Ranged Weapons | 5 |  5.1
Fighting       | 3 |  3.2
Dodging        | |  1.5
Stealth        | |  1.1

Action                     |  1- 3 |  4- 6 || total
---------------------------+-------+-------++-------
   Fire: Shortbow          |   102 |    31 ||   133
    Use: Scroll            |     3 |     1 ||     4
 Armour: Leather armour    |    24 |    26 ||    50
  Dodge: Dodged            |    28 |    15 ||    43

Table legend:
 A = Non-vault XP
 B = Vault XP
 C = Vault XP percentage of total XP
 D = Non-vault monster count
 E = Vault monster count
 F = Vault count percentage of total count
                 A         B        C        D         E       F
            +---------+---------+-------+---------+---------+-------
      Total |      92 |       0 |   0.0 |      34 |       0 |   0.0
            +---------+---------+-------+---------+---------+-------
        D:1 |      27 |       0 |   0.0 |      18 |       0 |   0.0
        D:2 |      65 |       0 |   0.0 |      16 |       0 |   0.0
            +---------+---------+-------+---------+---------+-------
